 Dungeon Crawl Stone Soup version 0.23.2-40-g277498a001 (webtiles) character file.

Game seed: 8088919161300571336

9457 EWolf27 the Slicer (level 11, -3/54 HPs)
             Began as a Spriggan Enchanter on Oct 6, 2019.
             Was an Initiate of Gozag.
             Killed from afar by a rime drake (24 damage)
             ... with a flash freeze
             ... on level 1 of the Lair of Beasts on Oct 12, 2019.
             The game lasted 02:10:08 (16462 turns).

EWolf27 the Slicer (Spriggan Enchanter)            Turns: 16462, Time: 02:10:09

Health: -3/54      AC:  6    Str:  7    XL:     11   Next: 23%
Magic:  22/22      EV: 27    Int: 17    God:    Gozag
Gold:   2244       SH:  0    Dex: 17    Spells: 13/24 levels left

rFire    . . .     SeeInvis +   a - +0 dagger (venom)
rCold    . . .     Gourm    .   (shield restricted)
rNeg     . . .     Faith    .   B - +2 robe {MR+}
rPois    .         Spirit   .   E - +2 hat
rElec    .         Reflect  .   (no cloak)
rCorr    .         Harm     .   (gloves unavailable)
MR       ++...                  (boots unavailable)
Stlth    ++++......             n - amulet of regeneration
HPRegen  0.58/turn              F - ring of see invisible
MPRegen  0.18/turn              Q - +2 ring of evasion

@: very quick
A: very small, unfitting armour, see invisible, herbivore, speed 3, slow
metabolism 2
a: Potion Petition, Call Merchant, Bribe Branch, Renounce Religion


You were on level 1 of the Lair of Beasts.
You worshipped Gozag.
Gozag was most pleased with you.
You were hungry.

You visited 3 branches of the dungeon, and saw 13 of its levels.

You collected 2326 gold pieces.
You spent 54 gold pieces at shops.
You paid 28 gold pieces to Gozag.

Inventory:

Hand Weapons
 a - a +0 dagger of venom (weapon)
 b - a +0 blowgun
 A - a +1 vampiric dagger
Missiles
 g - 355 stones (quivered)
 x - 81 poisoned needles
Armour
 B - a +2 robe of magic resistance (worn)
 E - a +2 hat (worn)
Jewellery
 m - an uncursed ring of magical power {unknown}
 n - an amulet of regeneration (around neck)
 F - a ring of see invisible (left hand)
 Q - a +2 ring of evasion (right hand)
Wands
 y - a wand of acid (5)
 G - a wand of flame (32)
 J - a wand of scattershot (5)
 K - a wand of enslavement (8)
 L - a wand of iceblast (10)
 M - a wand of digging (5)
 N - a wand of random effects (14)
Scrolls
 c - 4 scrolls of identify
 f - 8 scrolls of remove curse
 h - a scroll of holy word {unknown}
 j - 8 scrolls of teleportation
 q - a scroll of immolation {unknown}
 t - 3 scrolls of amnesia
 u - a scroll of blinking {unknown}
 z - 5 scrolls of fog
 C - a scroll of enchant armour {unknown}
 I - 2 scrolls of enchant weapon {unknown}
Potions
 e - 3 potions of haste
 i - 2 potions of invisibility
 k - 5 potions of might
 l - 2 potions of agility {unknown}
 o - a potion of ambrosia {unknown}
 p - 3 potions of curing {unknown}
 s - 2 potions of flight {unknown}
 v - 2 potions of cancellation {unknown}
 w - 4 potions of brilliance
 D - 4 potions of heal wounds
 H - a potion of magic {unknown}
 O - a potion of lignification {unknown}
Comestibles
 d - 12 rations


   Skills:
 + Level 4.7 Fighting
 - Level 10.0 Short Blades
 + Level 9.7 Dodging
 + Level 8.1 Stealth
 + Level 7.3 Spellcasting
 - Level 10.0 Hexes
 - Level 8.0 Translocations
 + Level 2.3 Ice Magic


You had 13 spell levels left.
You knew the following spells:

 Your Spells              Type           Power        Failure   Level  Hunger
a - Corona                Hex            #####..      1%          1    None
b - Ensorcelled Hibernat  Hex/Ice        ####..       1%          2    None
c - Confuse               Hex            #####...     1%          3    ##.....
d - Magic Dart            Conj           #...         12%         1    None
e - Blink                 Tloc           N/A          1%          2    None
f - Slow                  Hex            #####...     1%          2    None

Your spell library contained the following spells:

 Spells                   Type           Power        Failure   Level  Hunger
 Tukima's Dance           Hex            #####...     1%          3    ##.....
 Dazzling Spray           Conj/Hex       ###...       4%          3    ##.....
 Summon Butterflies       Summ           #.......     12%         1    None
 Call Imp                 Summ           #.......     17%         2    None
 Call Canine Familiar     Summ           #.......     34%         3    ##.....
 Conjure Flame            Conj/Fire      #.......     34%         3    ##.....
 Mephitic Cloud           Conj/Pois/Air  #.......     34%         3    ##.....
 Summon Mana Viper        Hex/Summ       ###.....     36%         5    #####..
 Summon Ice Beast         Ice/Summ       ##......     56%         4    ####...
 Summon Hydra             Summ           #.........   100%        7    #######


Dungeon Overview and Level Annotations

Branches:
Dungeon (11/15)            Temple (1/1) D:4            Lair (1/6) D:8
    Orc (0/2) D:9

Altars:
Ashenzari
Cheibriados
Dithmenos
Elyvilon
Fedhas
Gozag
Hepliaklqana
Kikubaaqudgha
Makhleb
Nemelex Xobeh
Okawaru
Qazlal
Ru
Sif Muna
Trog
Uskayaw
Vehumet
Wu Jian
Xom
Yredelemnul
Zin
The Shining One
Lugonu

Shops:
D:5 *

Annotations:
D:10 2 runed translucent doors, Sonja
D:11 Josephine


Innate Abilities, Weirdness & Mutations

You are very small and have problems with some larger weapons.
You are too small for most types of armour.
You have supernaturally acute eyesight. (SInv)
You are a herbivore.
You cover ground extremely quickly.
You need to consume almost no food.


Message History

Casting: Ensorcelled Hibernation (safe; 1% risk of failure)
Confirm with . or Enter, or press ? or * to list all spells.
You can't see any susceptible monsters within range! (Use Z to cast anyway.)
The rime drake breathes ice at you. The flash freeze hits you!!
You are encased in ice.
The ice encasing you melts away. The rime drake breathes ice at you.
The flash freeze hits you!
* * * LOW HITPOINT WARNING * * *
You are encased in ice.
The ice encasing you melts away. The rime drake breathes ice at you.
The flash freeze misses you.
There is a stone staircase leading down here.
You hit the plant but do no damage. The rime drake breathes ice at you.
The flash freeze hits you!!
You die...
Your body crumbles into a pile of gold.

≈≈≈≈≈≈≈...................#.#####
≈≈≈≈≈≈≈≈...........#.#.#.##.#####
≈≈≈.≈≈≈≈.....##'##.....k.........
≈≈.<.≈≈≈.....#.....#.#.#.##......
≈≈.≈≈≈≈≈≈....#............#....##
≈≈≈≈≈≈≈≈.....#.....#.#.#>##....##
≈≈≈≈≈≈≈≈.............+...##....##
≈≈≈≈≈≈≈......#.......P....#....##
..≈≈≈≈.......#..@........##....##
#.....##.............#..[......#.
##..####......########....#..#.#
##.#####.................##.####.
.................................
.................................
............####.#.#.............
............# ####.....#.+#.##+
P..####.....#####.###....#......


You could see a rime drake.

Vanquished Creatures
  Harold (D:9)
  A two-headed ogre (D:10)
  Joseph (D:9)
  A black mamba (Lair:1)
  2 spiny frogs (Lair:1)
  A blink frog (Lair:1)
  A hippogriff (D:8)
  A wyvern (D:9)
  8 yaks
  A wraith (D:10)
  A basilisk (Lair:1)
  2 hogs (D:6)
  A human (D:7)
  A steam dragon (D:10)
  A warg (D:8)
  3 water moccasins
  An ice beast (D:4)
  2 sky beasts
  5 phantoms
  5 ogres
  3 orc warriors
  A necrophage (D:7)
  2 centaurs
  2 crocodiles
  4 bullfrogs
  3 scorpions
  A howler monkey (D:4)
  4 crimson imps
  A centaur zombie (D:8)
  A quasit (D:7)
  5 orc priests
  6 hounds
  4 jellies
  A bullfrog zombie (D:7)
  Ijyb (D:3)
  A bullfrog skeleton (D:7)
  A centaur skeleton (D:4)
  An iguana (D:10)
  8 orc wizards
  12 worker ants
  A hound zombie (D:5)
  Robin (D:3)
  A worker ant zombie (D:11)
  3 gnolls (D:7)
  14 adders
  5 shadow imps
  2 adder skeletons
  4 adder zombies
  4 worms
  5 dart slugs
  4 leopard geckos
  27 orcs
  4 ball pythons
  11 bats
  5 giant cockroaches
  22 goblins
  9 hobgoblins
  16 jackals
  14 kobolds
  4 quokkas
  2 frilled lizards (D:1)
  A quokka skeleton (D:6)
  3 rats
264 creatures vanquished.

Vanquished Creatures (others)
  A bush (D:9)
1 creature vanquished.

Grand Total: 265 creatures vanquished

Notes
Turn   | Place    | Note
-------+----------+-------------------------------------------
     0 | D:1      | EWolf27 the Spriggan Enchanter began the quest for the Orb.
     0 | D:1      | Reached XP level 1. HP: 9/9 MP: 5/5
    91 | D:1      | Reached XP level 2. HP: 13/13 MP: 6/6
   100 | D:1      | Learned a level 2 spell: Ensorcelled Hibernation
   785 | D:1      | Reached XP level 3. HP: 16/16 MP: 0/8
  1173 | D:1      | Reached skill level 5 in Stealth
  1428 | D:2      | Found an opulent altar of Gozag.
  1438 | D:2      | Became a worshipper of Gozag Ym Sagoz the Greedy
  1729 | D:2      | Learned a level 3 spell: Confuse
  2128 | D:2      | Reached XP level 4. HP: 21/21 MP: 3/9
  2242 | D:2      | Found a hazy altar of Hepliaklqana.
  3225 | D:3      | Noticed Robin
  3364 | D:3      | Killed Robin
  3364 | D:3      | Reached XP level 5. HP: 24/24 MP: 0/10
  3997 | D:3      | Noticed Ijyb
  4122 | D:4      | Found a burning altar of Makhleb.
  4128 | D:4      | Noticed an ogre
  4134 | D:4      | Killed an ogre
  4134 | D:4      | Reached XP level 6. HP: 28/28 MP: 11/11
  4164 | D:4      | Reached skill level 5 in Dodging
  4452 | D:3      | Reached skill level 5 in Hexes
  4797 | D:4      | Reached skill level 5 in Short Blades
  4943 | D:4      | Found a staircase to the Ecumenical Temple.
  4956 | Temple   | Entered the Ecumenical Temple
  5150 | D:4      | Found a glowing silver altar of Zin.
  5159 | D:5      | Entered Level 5 of the Dungeon
  5159 | D:5      | Found an ancient bone altar of Kikubaaqudgha.
  5380 | D:4      | Reached XP level 7. HP: 32/32 MP: 8/12
  5412 | D:4      | Found a hide-covered altar of Uskayaw.
  5437 | D:4      | Learned a level 1 spell: Magic Dart
  5440 | D:4      | Learned a level 2 spell: Blink
  5830 | D:5      | Reached skill level 1 in Translocations
  6275 | D:4      | Reached skill level 1 in Fighting
  6844 | D:5      | Reached XP level 8. HP: 36/38 MP: 13/13
  6956 | D:5      | Found Vitreatu's Assorted Antiques.
  7197 | D:5      | Bought 2 dark potions for 36 gold pieces
  7197 | D:5      | Bought a bubbling dark potion for 18 gold pieces
  7517 | D:5      | Found a shattered altar of Ashenzari.
  7517 | D:5      | Found a sparkling altar of Nemelex Xobeh.
  7517 | D:5      | Found an ornate altar of the Wu Jian Council.
  7960 | D:6      | Got a bone falchion
  8762 | D:6      | Reached skill level 5 in Translocations
  8955 | D:6      | Found a stormy altar of Qazlal.
  9286 | D:7      | Reached XP level 9. HP: 39/44 MP: 14/14
 10701 | D:7      | Found a sacrificial altar of Ru.
 10807 | D:7      | Found a bloodstained altar of Trog.
 11005 | D:8      | Found a staircase to the Lair.
 11327 | D:3      | Killed Ijyb
 11390 | D:8      | Reached skill level 10 in Short Blades
 11507 | D:8      | Reached skill level 5 in Spellcasting
 11582 | D:8      | Reached XP level 10. HP: 49/49 MP: 13/18
 12184 | D:9      | Found a staircase to the Orcish Mines.
 13249 | D:9      | Noticed Harold
 13391 | D:9      | Found a snail-covered altar of Cheibriados.
 13391 | D:9      | Found a shimmering altar of Xom.
 13391 | D:9      | Found a glowing golden altar of the Shining One.
 13572 | D:9      | Noticed Joseph
 13663 | D:10     | Entered Level 10 of the Dungeon
 14062 | D:9      | Found a basalt altar of Yredelemnul.
 14125 | D:9      | Found a white marble altar of Elyvilon.
 15212 | D:10     | Got a pair of translucent boots
 15411 | D:10     | Learned a level 2 spell: Slow
 15448 | D:10     | Noticed a two-headed ogre
 15480 | D:10     | Killed a two-headed ogre
 15480 | D:10     | Reached skill level 1 in Ice Magic
 15520 | D:11     | Noticed a cyan ugly thing
 15525 | D:11     | Noticed Josephine
 15632 | D:10     | Found a large runed translucent door.
 15632 | D:10     | Found a large runed translucent door.
 15635 | D:10     | Noticed Sonja
 15696 | D:9      | Killed Joseph
 15914 | D:9      | Killed Harold
 15914 | D:9      | Reached XP level 11. HP: 54/54 MP: 22/22
 15986 | Lair:1   | Entered Level 1 of the Lair of Beasts
 16424 | Lair:1   | Reached skill level 10 in Hexes
 16462 | Lair:1   | Killed from afar by a rime drake

Skill      XL: |  1  2  3  4  5  6  7  8  9 10 11 |
---------------+----------------------------------+-----
Short Blades   | 2 3 4 5 6 8 10 | 10.0
Hexes          | 4 5 6 7 8 9 10 | 10.0
Stealth        | 5 6 7 8 |  8.1
Dodging        | 4 5 6 9 |  9.7
Translocations | 3 5 7 8 |  8.0
Fighting       | 1 3 4 |  4.7
Spellcasting   | 5 6 7 |  7.3
Ice Magic      | 1 2 |  2.3

Action                   |  1- 3 |  4- 6 |  7- 9 | 10-12 || total
-------------------------+-------+-------+-------+-------++-------
Melee: Dagger            |    91 |   151 |   536 |   565 ||  1343
 Fire: Blowgun           |       |       |       |    18 ||    18
Throw: Stone             |       |       |       |     5 ||     5
 Cast: Ensorcelled Hiber |    41 |    58 |    61 |    49 ||   209
       Confuse           |       |     8 |    22 |    36 ||    66
       Magic Dart        |       |       |     7 |     1 ||     8
       Corona            |       |       |       |     2 ||     2
Evoke: Wand              |       |       |       |     1 ||     1
  Use: Scroll            |       |       |     6 |     8 ||    14
 Stab: Sleeping          |    36 |    33 |    36 |    30 ||   135
       Confused          |       |     3 |    14 |    11 ||    28
       Distracted        |       |     2 |     3 |     1 ||     6
  Eat: Ration            |     1 |     3 |     7 |     4 ||    15
Armor: Robe              |    10 |    13 |    53 |    28 ||   104
Dodge: Dodged            |    77 |   111 |   382 |   336 ||   906
